AoeStats
← SimonTheAoENoob

Arena

508010620Analyzed
1v1 RM · 13d ago on Sep 20, 2026· 35m 17s· 2 players
Game mode
Random Map
Map size
Tiny (2 player)
Population
200
Speed
Normal
Resources
Standard
Victory
Conquest
Starting age
Dark Age
Ending age
Imperial Age
RankedLock teamsTeams togetherTeam positionsShared explorationLock speedFull tech treeHidden civsTurbo modeCheats
Victory
Defeat
🇱🇹 Burgundians · Lithuania
864
+15
🇨🇳 Britons · China
842
-15
lhllhl
6:51 Loom
10:07 Feudal Age
10:51 Double-Bit Axe
15:59 Castle Age
26:15 Wheelbarrow
25:32 Horse Collar
27:07 Pikeman
27:47 Squires
33:48 Imperial Age
31:27 Heavy Plow
32:19 Hand Cart
31:50 Town Watch
33:42 Murder Holes
33:58 Fortified Wall
33:59 Masonry
33:58 Halberdier
SimonTheAoENoob
11:09 Feudal Age
9:40 Double-Bit Axe
11:08 Horse Collar
17:12 Castle Age
16:25 Loom
16:19 Man-at-Arms
29:37 Wheelbarrow
28:49 Town Watch
34:38 Imperial Age
32:36 Fletching
33:54 Long Swordsman
34:25 Elite Skirmisher
36:04 Ballistics
36:16 Conscription
Connection lost

Rejoining the realm…

Still unreachable

The connection could not be restored.

Session expired

The server has moved on; the page needs a fresh start.